 Dungeon Crawl Stone Soup version 0.20.1-1-g8b1a95d (webtiles) character file.

184 empire the Sneak (level 5, -1/46 HPs)
             Began as an Octopode Wizard on Aug 18, 2017.
             Killed from afar by Thomus's ghost (4 damage)
             ... with a spray of energy
             ... in an ossuary.
             The game lasted 00:07:34 (4549 turns).

empire the Sneak (Octopode Wizard)                  Turns: 4549, Time: 00:07:35

Health: -1/46      AC: 22    Str: 11    XL:     5   Next: 63%
Magic:  8/10       EV:  2    Int: 26    God:
Gold:   294        SH:  0    Dex: 11    Spells: 2/10 levels left

rFire    + . .     SeeInvis .   a - +2 dagger (venom)
rCold    + . .     Gourm    .   (no shield)
rNeg     + + +     Faith    .   (helmet currently unavailable)
rPois    +         Spirit   .   (no amulet)
rElec    +         Reflect  .   (no ring)
rCorr    +         Harm     .   (no ring)
MR       .....     NoTele   +   (no ring)
Stlth    +++.......             (no ring)
Regen    0.2/turn               (no ring)
MPRegen  0.2/turn               (no ring)
                                (no ring)
                                (no ring)

@: mighty, brilliant, tree-form, resistant, hasted, very quick
A: almost no armour, stealthy swim, (amphibious), 8 rings, (constrict 8)
a: no special abilities


You were in an ossuary.
You were not hungry.
You were a tree.
You visited 1 branch of the dungeon, and saw 4 of its levels.
You also visited: Ossuary.

You collected 294 gold pieces.

Inventory:

Hand Weapons
 a - a +2 dagger of venom (weapon)
Armour
 i - a +0 hat (melded)
Wands
 p - a wand of iceblast (4/15)
Scrolls
 f - 4 scrolls of remove curse
Potions
 d - 5 potions of resistance
 g - a potion of lignification
 k - a potion of curing
 l - 2 potions of might
 r - a potion of invisibility {unknown}
Books
 j - a book of Minor Magic

   Spells                             Type                      Level
   a - Magic Dart                     Conjuration                  1
   b - Blink                          Translocation                2
   c - Call Imp                       Summoning                    2
   d - Slow                           Hexes                        2
   e - Conjure Flame                  Conjuration/Fire             3
   f - Mephitic Cloud                 Conjuration/Poison/Air       3
Comestibles
 b - 3 royal jellies
 c - 3 bread rations
 n - 7 fruits
 t - a meat ration


   Skills:
 + Level 3.0 Dodging
 + Level 4.6 Stealth
 + Level 3.4 Spellcasting
 + Level 1.9 Conjurations
 + Level 1.4 Summonings
 + Level 1.7 Translocations
 + Level 1.4 Air Magic
 + Level 1.3 Poison Magic


You had 2 spell levels left.
You knew the following spells:

 Your Spells              Type           Power        Failure   Level  Hunger
a - Magic Dart            Conj           ####         1%          1    None
b - Mephitic Cloud        Conj/Pois/Air  ####....     1%          3    ###....
c - Call Imp              Summ           ####....     1%          2    #......
d - Blink                 Tloc           N/A          1%          2    #......


Dungeon Overview and Level Annotations

Branches:
Dungeon (4/15)
 Temple: D:4-7

Altars:
Ashenzari
Cheibriados
Fedhas

Annotations:
D:4 CitizenNev's ghost, novice DsFi Ossuary Thomus's ghost, amateur DECj


Innate Abilities, Weirdness & Mutations

You cannot wear most types of armour.
You are very stealthy in the water. (Stealth+)
((You are amphibious.))
You can wear up to eight rings at the same time.
((You can use your tentacles to constrict eight enemies at once.))
((Your skin changes colour to match your surroundings (Stealth+).))
((Your rubbery body absorbs attacks. (AC +1, EV +1)))


Message History

You cannot move. (Use ctrl+direction to attack without moving.)
You cannot move. (Use ctrl+direction to attack without moving.)
You swing at nothing.
Thomus's ghost hits you but does no damage.
You nearly hit yourself!
Thomus's ghost hits you but does no damage.
You swing at nothing.
Thomus's ghost hits you but does no damage.
You swing at nothing.
Thomus's ghost hits you.
* * * LOW HITPOINT WARNING * * *
It was a potion of haste.
You feel yourself speed up.
You feel less confused. Thomus's ghost casts a spell at you.
The spray of energy hits you!
* * * LOW HITPOINT WARNING * * *
It was a potion of brilliance.
You feel clever all of a sudden.
Thomus's ghost gestures at you while chanting.
Helpless, you fail to dodge the spray of energy.
You die...

##+##
#?!.# #.
#..!# .8.
#.M!# ....
######8...
#...#.....
#.^.'...8.
#.W.#...#.
##♣######
#...#...#
#...8...#
#.......#
##8...8##
#.......#
#...8...#
#...#...#
######'##


You could see a mummy and Thomus's ghost.

Vanquished Creatures
  Terence (D:3)
  A mummy (D:4)
  A scorpion zombie (Ossuary)
  7 adders
  2 dart slugs (D:3)
  4 orcs
  A ball python (D:2)
  6 bats
  3 giant cockroaches
  10 goblins
  7 hobgoblins
  4 jackals (D:2)
  A quokka (D:2)
  4 frilled lizards
  6 kobolds
  2 leopard gecko skeletons
  An orc zombie (D:4)
  12 rats
73 creatures vanquished.

Notes
Turn   | Place    | Note
-------+----------+-------------------------------------------
     0 | D:1      | empire the Octopode Wizard began the quest for the Orb.
     0 | D:1      | Reached XP level 1. HP: 11/11 MP: 4/4
   391 | D:1      | Reached XP level 2. HP: 11/17 MP: 6/6
   566 | D:1      | Reached skill level 3 in Stealth
  1510 | D:2      | Found a blossoming altar of Fedhas.
  1706 | D:2      | Reached XP level 3. HP: 13/21 MP: 7/7
  1829 | D:2      | Learned a level 3 spell: Mephitic Cloud
  1832 | D:2      | Learned a level 2 spell: Call Imp
  1835 | D:2      | Learned a level 2 spell: Blink
  3064 | D:3      | Reached skill level 1 in Air Magic
  3064 | D:3      | Reached XP level 4. HP: 27/27 MP: 3/8
  3067 | D:3      | Found a snail-covered altar of Cheibriados.
  3271 | D:3      | Reached skill level 4 in Stealth
  3525 | D:3      | Noticed Terence
  3528 | D:3      | Killed Terence
  3528 | D:3      | Reached XP level 5. HP: 31/31 MP: 8/10
  3593 | D:3      | Reached skill level 1 in Poison Magic
  4177 | D:4      | Found a shattered altar of Ashenzari.
  4182 | D:4      | Noticed CitizenNev's ghost (novice DsFi)
  4250 | D:4      | Found a sand-covered staircase.
  4258 | Ossuary  | Entered an ossuary
  4534 | Ossuary  | Noticed Thomus's ghost (amateur DECj)
  4549 | Ossuary  | Killed from afar by Thomus's ghost

Skill      XL: |  1  2  3  4  5 |
---------------+----------------+-----
Stealth        | 3 4 |  4.6
Air Magic      | 1 |  1.4
Dodging        | 3 |  3.0
Poison Magic   | 1 |  1.3
Spellcasting   | |  3.4
Conjurations   | |  1.9
Summonings     | |  1.4
Translocations | |  1.7

Action                   |  1- 3 |  4- 6 || total
-------------------------+-------+-------++-------
Melee: Unarmed           |    38 |       ||    38
       Constrict         |    21 |    16 ||    37
       Tentacles         |    10 |    10 ||    20
       Short sword       |    15 |       ||    15
       Dagger            |    32 |    67 ||    99
 Cast: Magic Dart        |    16 |    28 ||    44
  Use: Potion            |       |     6 ||     6
       Scroll            |       |     5 ||     5
 Stab: Sleeping          |    11 |     8 ||    19
  Eat: Chunk             |     6 |     5 ||    11
Armor: Skin              |    12 |     9 ||    21
Dodge: Dodged            |    44 |    41 ||    85
